 Dungeon Crawl Stone Soup version 0.20-a0-351-gc9b4002 (webtiles) character file.

83594 Faca the Blocker (level 16, -11/132 HPs)
             Began as a Formicid Fighter on Dec 25, 2016.
             Was the Champion of Okawaru.
             Killed from afar by an oklob plant (14 damage)
             ... with a splash of acid
             ... on level 1 of the Lair of Beasts.
             The game lasted 01:38:51 (22528 turns).

Faca the Blocker (Formicid Fighter)                Turns: 22528, Time: 01:38:52

Health: -11/132    AC:  7    Str: 24    XL:     16   Next: 25%
Magic:  16/16      EV: 14    Int:  7    God:    Okawaru [******]
Gold:   1936       SH: 25    Dex: 15    Spells: 15/15 levels left

rFire  + + .     SeeInvis +     K - +3 executioner's axe (flame)
rCold  + . .     Gourm    .     E - +2 plate armour of Jasmed {-Cast rC+ rN++}
rNeg   + + .     Faith    .     x - +5 large shield of Waemier {rF+}
rPois  +         Spirit   .     (helmet unavailable)
rElec  .         Reflect  .     r - +1 cloak {MR+}
rCorr  .         Harm     .     F - +2 pair of gloves
MR     ++...     NoCast   +     (no boots)
Stlth  ..........               o - amulet of regeneration
                                z - ring of Jipusi {rF+ Stlth+}
                                U - +3 ring of protection

@: corroded
A: permanent stasis, dig shafts and tunnels, four strong arms, antennae 3,
poison resistance
a: Dig, Shaft Self, Heroism, Finesse, Renounce Religion


You were on level 1 of the Lair of Beasts.
You worshipped Okawaru.
Okawaru was exalted by your worship.
You were not hungry.

You visited 4 branches of the dungeon, and saw 21 of its levels.
You also visited: Labyrinth and Bailey.

You collected 1949 gold pieces.
You spent 13 gold pieces at shops.

Inventory:

Hand Weapons
 n - a +3 morningstar
 I - the +6 dire flail of the Special Tales {crush, +Fly rF+}
   (You took it off a centaur on level 12 of the Dungeon)

   It inflicts extra damage upon your enemies.
   It protects you from fire.
   It lets you fly.
 K - a +3 executioner's axe of flaming (weapon)
Armour
 r - a +1 cloak of magic resistance (worn)
 x - the +5 large shield of Waemier (worn) {rF+}
   (Okawaru gifted it to you on level 6 of the Lair of Beasts)

   It protects you from fire.
 E - the +2 plate armour of Jasmed (worn) {-Cast rC+ rN++}
   (Okawaru gifted it to you on level 10 of the Dungeon)

   It protects you from cold.
   It greatly protects you from negative energy.
   It prevents spellcasting.
 F - a +2 pair of gloves (worn)
 H - the +1 pair of gloves of Aliurph {rF+ rC+ rN+ MP+9 Dex-3}
   (Okawaru gifted it to you on level 11 of the Dungeon)

   It affects your dexterity (-3).
   It protects you from fire.
   It protects you from cold.
   It protects you from negative energy.
   It affects your magic capacity (+9).
Jewellery
 j - an uncursed ring of protection from magic
 o - an amulet of regeneration (around neck)
 z - the ring of Jipusi (right hand) {rF+ Stlth+}
   (You found it on level 7 of the Dungeon)

   [ring of protection from fire]

   It protects you from fire.
   It makes you more stealthy.
 C - an uncursed amulet of faith
 U - a +3 ring of protection (left hand)
Wands
 a - a wand of lightning (5/15)
 b - a wand of lightning (8/15)
 p - a wand of flame (22/48)
 B - a wand of iceblast (8/15)
 N - a wand of disintegration (8/24)
Scrolls
 d - 2 scrolls of enchant weapon
 i - 2 scrolls of fog
 t - a scroll of magic mapping
 v - 6 scrolls of enchant armour
 y - 9 scrolls of recharging
 L - 3 scrolls of fear
 M - 5 scrolls of remove curse
 S - 5 scrolls of identify
Potions
 c - 3 potions of cure mutation
 e - a potion of cancellation
 g - 4 potions of curing
 k - a potion of lignification
 l - a potion of resistance
 w - 4 potions of brilliance
 A - a potion of heal wounds
 G - 5 potions of flight
 T - a potion of agility
Comestibles
 f - 7 bread rations
 h - 7 meat rations
 q - 4 royal jellies
 s - 2 slices of pizza
 u - 12 fruits
 D - 20 beef jerkies


   Skills:
 + Level 13.8 Fighting
 + Level 12.4 Axes
 + Level 13.6 Armour
 + Level 11.5 Dodging
 + Level 14.7 Shields


You had 15 spell levels left.
You didn't know any spells.

Dungeon Overview and Level Annotations

Branches:
Dungeon (12/15)            Temple (1/1) D:6            Lair (6/6) D:10
 Shoals (0/4) Lair:2       Spider (0/4) Lair:4        Slime (0/5) Lair:5
    Orc (2/2) D:12            Elf (0/3) Orc:2

Altars:
Ashenzari
Cheibriados
Dithmenos
Elyvilon
Fedhas
Gozag
Hepliaklqana
Kikubaaqudgha
Makhleb
Nemelex Xobeh
Okawaru
Qazlal
Ru
Sif Muna
Trog
Uskayaw
Vehumet
Xom
Yredelemnul
Zin
The Shining One
Beogh

Shops:
Orc:2 (}!![

Annotations:
Lair:1 exclusion: 4 oklob plants


Innate Abilities, Weirdness & Mutations

You cannot be hasted, slowed, berserked, paralysed or teleported.
You can dig through walls and to a lower floor.
Your four strong arms can wield two-handed weapons with a shield.
You have a pair of large antennae on your head. (SInv)
Your system is resistant to poisons. (rPois)


Message History

The splash of acid misses you. The oklob plant spits acid at you.
The splash of acid hits you! The acid corrodes you!
You are splashed with acid!
The acid burns!
* * * LOW HITPOINT WARNING * * *
The oklob plant spits acid at you. The splash of acid hits you!
* * * LOW HITPOINT WARNING * * *
The acid corrodes you!
You are splashed with acid!
The acid burns!
* * * LOW HITPOINT WARNING * * *
The oklob plant spits acid at you. The splash of acid hits you!
* * * LOW HITPOINT WARNING * * *
You are splashed with acid!
The acid burns!
* * * LOW HITPOINT WARNING * * *
The oklob plant spits acid at you. The splash of acid misses you.
The oklob plant spits acid at you. The splash of acid hits you!
You die...

...................#
#.###..####.#.#..#.##
..# #..###P.#.#..#..#
..# #..##.......##.##
..# #..##.......##..#
..# #...#..........##
..# #..##.......##..#
..# #..##..........##
### #..##.#P##.#@#######
#..########...$P[.P#
#####...............(/$#
....................P$[#
.................P.$.:(#
.................P.P.[.#
.................#######
##..#......######..#
..........#........#


You could see 4 oklob plants.

Vanquished Creatures
  Gastronok (D:8)
  Frances (D:12)
  An orc warlord (Orc:2)
  A stone giant (Orc:1)
  The ghost of crawdingle the Crack Shot, a journeyman CeHu of Okawaru (Lair:5)
  A fire dragon (Lair:6)
  A minotaur (Lab)
  Snorg (D:10)
  9 hydras
  A tengu warrior (D:11)
  2 centaur warriors
  5 two-headed ogres
  An orc high priest (Orc:1)
  Nergalle (Lair:3)
  An unseen horror (D:11)
  A swamp dragon (Lair:6)
  An orange crystal statue (D:11)
  An obsidian statue (D:11)
  10 orc knights
  A deep elf mage (D:12)
  2 cyclopes (D:12)
  2 orc sorcerers
  2 ugly things
  A manticore (Lair:2)
  A water nymph (D:12)
  2 centaur zombies (D:10)
  The ghost of Karnivor the Tormented, a novice TrNe of Kikubaaqudgha (D:5)
  4 black mambas
  6 spiny frogs
  A rime drake (Lair:6)
  6 komodo dragons
  2 hellwings
  11 polar bears (Lair:6)
  5 trolls
  A jumping spider (Lair:4)
  A queen bee (D:9)
  A hornet (Lair:2)
  Grinder (D:3)
  A raiju (Lair:6)
  18 blink frogs
  3 slime creatures (Lair:5)
  4 dream sheep (Lair:3)
  Prince Ribbit (D:6)
  13 hippogriffs
  A redback (Lair:4)
  A shadow (D:11)
  A wraith (D:12)
  3 wyverns
  4 basilisks
  50 yaks
  Grum (D:8)
  6 vampire mosquitoes (D:12)
  A hungry ghost (D:12)
  2 steam dragons (Lair:6)
  Menkaure (D:5)
  Edmund (D:5)
  12 wargs
  16 hell hounds (Lair:6)
  21 water moccasins
  Duvessa (D:5)
  13 porcupines
  2 sky beasts
  5 ice beasts
  35 orc warriors
  3 swamp drakes (Lair:6)
  13 ogres
  4 phantoms
  11 black bears (Lair:6)
  11 centaurs
  33 wolves
  The ghost of Shayle the Poker, an amateur MfSk (D:4)
  10 crocodiles
  12 bullfrogs
  8 gnoll sergeants (Bailey)
  Dowan (D:5)
  3 scorpions
  A water moccasin skeleton (D:8)
  24 wights
  29 killer bees
  5 howler monkeys
  6 crimson imps
  5 jellies
  A quasit (D:10)
  17 orc priests
  6 centaur skeletons
  6 gnoll shamans (Bailey)
  8 hounds
  Jessica (D:3)
  6 iguanas
  Natasha (twice) (D:3)
  27 orc wizards
  8 worker ants
  Ijyb (D:3)
  Terence (D:3)
  3 hound skeletons
  2 worker ant zombies
  A howler monkey zombie (D:6)
  17 gnolls
  22 adders
  5 shadow imps
  2 oozes
  2 adder skeletons
  2 worms
  2 dart slugs
  6 leopard geckos
  110 orcs
  5 giant cockroaches
  16 goblins
  13 hobgoblins
  18 jackals
  3 quokkas
  7 bats
  7 frilled lizards
  7 kobolds
  A quokka skeleton (D:5)
  A quokka zombie (D:5)
  7 rats
  A bush (Lair:5)
  3 fungi (Lair:5)
  5 plants
  2 withered plants (D:10)
843 creatures vanquished.

Vanquished Creatures (others)
  An iguana (Lair:6)
  6 fungi (Lair:6)
  18 plants
25 creatures vanquished.

Grand Total: 868 creatures vanquished

Notes
Turn   | Place    | Note
-------+----------+-------------------------------------------
     0 | D:1      | Faca the Formicid Fighter began the quest for the Orb.
     0 | D:1      | Reached XP level 1. HP: 18/18 MP: 1/1
   282 | D:1      | Reached XP level 2. HP: 23/24 MP: 2/2
   833 | D:1      | Reached XP level 3. HP: 26/29 MP: 3/3
   974 | D:2      | Reached skill level 1 in Dodging
  1309 | D:2      | Reached skill level 4 in Shields
  1309 | D:2      | Reached XP level 4. HP: 30/37 MP: 4/4
  1758 | D:2      | Reached XP level 5. HP: 33/42 MP: 5/5
  2159 | D:3      | Noticed Jessica
  2165 | D:3      | Killed Jessica
  2178 | D:3      | Reached XP level 6. HP: 21/48 MP: 6/6
  2466 | D:3      | Noticed Terence
  2469 | D:3      | Killed Terence
  2609 | D:3      | Noticed Ijyb
  2612 | D:3      | Reached skill level 5 in Shields
  2628 | D:3      | Killed Ijyb
  2686 | D:3      | Noticed Natasha
  2694 | D:3      | Killed Natasha
  2694 | D:3      | Reached XP level 7. HP: 48/55 MP: 7/7
  2745 | D:3      | Noticed Grinder
  2770 | D:3      | Killed Grinder
  2770 | D:3      | Reached skill level 5 in Fighting
  2927 | D:3      | Noticed Natasha
  2935 | D:3      | Killed Natasha
  2935 | D:3      | Reached skill level 5 in Armour
  3403 | D:4      | Reached XP level 8. HP: 47/62 MP: 8/8
  3556 | D:4      | Noticed Shayle's ghost (amateur MfSk)
  3576 | D:4      | Killed Shayle's ghost
  3881 | D:5      | Entered Level 5 of the Dungeon
  3953 | D:5      | Noticed Karnivor's ghost (novice TrNe)
  3968 | D:5      | Killed Karnivor's ghost
  3968 | D:5      | Reached skill level 6 in Shields
  4063 | D:5      | Noticed Dowan
  4066 | D:5      | Noticed Duvessa
  4085 | D:5      | Killed Duvessa
  4088 | D:5      | Killed Dowan
  4088 | D:5      | Reached XP level 9. HP: 24/69 MP: 9/9
  4306 | D:5      | Noticed Edmund
  4324 | D:5      | Killed Edmund
  4324 | D:5      | Reached skill level 5 in Axes
  4391 | D:5      | Reached skill level 7 in Shields
  4423 | D:5      | Noticed Menkaure
  4430 | D:5      | Killed Menkaure
  4566 | D:6      | Noticed Prince Ribbit
  4585 | D:6      | Killed Prince Ribbit
  5366 | D:6      | Found a staircase to the Ecumenical Temple.
  5387 | Temple   | Entered the Ecumenical Temple
  5560 | Temple   | Became a worshipper of Warmaster Okawaru
  5590 | D:6      | Reached skill level 5 in Dodging
  5919 | D:6      | Found a glowing golden altar of the Shining One.
  6151 | D:7      | Reached XP level 10. HP: 75/79 MP: 10/10
  6213 | D:7      | Reached * piety under Okawaru
  6224 | D:7      | Reached skill level 8 in Shields
  6282 | D:7      | Got a wavering bone ring
  6316 | D:7      | Identified the ring of Jipusi {rF+ Stlth+} (You found it on level 7 of the Dungeon)
  6596 | D:7      | Got an ichor-stained dagger
  6597 | D:7      | Identified the +7 dagger of Nessijaq {freeze, rC+ Dex+3} (You found it on level 7 of the Dungeon)
  6810 | D:8      | Reached ** piety under Okawaru
  7171 | D:8      | Noticed a two-headed ogre
  7181 | D:8      | Killed a two-headed ogre
  7422 | D:8      | Noticed Gastronok
  7514 | D:8      | Reached skill level 9 in Shields
  7531 | D:8      | Noticed Grum
  7551 | D:8      | Killed Grum
  7557 | D:8      | Reached *** piety under Okawaru
  7561 | D:8      | Reached XP level 11. HP: 36/87 MP: 11/11
  7883 | D:8      | Killed Gastronok
  7883 | D:8      | Reached **** piety under Okawaru
  8059 | D:8      | Found a hazy altar of Hepliaklqana.
  8066 | D:9      | Found a shadowy altar of Dithmenos.
  8182 | D:9      | Noticed a two-headed ogre
  8189 | D:9      | Killed a two-headed ogre
  8401 | D:9      | Reached ***** piety under Okawaru
  8401 | D:9      | Reached skill level 10 in Shields
  9436 | D:10     | Entered Level 10 of the Dungeon
  9481 | D:10     | Noticed a two-headed ogre
  9496 | D:10     | Killed a two-headed ogre
  9496 | D:10     | Received a gift from Okawaru
  9496 | D:10     | Reached XP level 12. HP: 44/96 MP: 12/12
  9574 | D:10     | Got an ancient plate armour {god gift}
  9586 | D:10     | Identified the +2 plate armour of Jasmed {-Cast rC+ rN++} (Okawaru gifted it to you on level 10 of the Dungeon)
  9666 | D:10     | Noticed Snorg
  9961 | D:10     | Reached skill level 10 in Fighting
 10089 | D:10     | Found a staircase to the Lair.
 10180 | D:10     | Killed Snorg
 10180 | D:10     | Reached skill level 10 in Armour
 10180 | D:10     | Reached skill level 11 in Shields
 10482 | D:11     | Noticed a two-headed ogre
 10531 | D:11     | Noticed a centaur warrior
 10542 | D:11     | Noticed an unseen horror
 10560 | D:11     | Killed a centaur warrior
 10591 | D:11     | Killed an unseen horror
 10591 | D:11     | Received a gift from Okawaru
 10592 | D:11     | Got a pair of warped gloves {god gift}
 10607 | D:11     | Identified the +1 pair of gloves of Aliurph {rF+ rC+ rN+ MP+9 Dex-3} (Okawaru gifted it to you on level 11 of the Dungeon)
 10645 | D:11     | Noticed a tengu warrior
 10684 | D:11     | Killed a tengu warrior
 11005 | D:11     | Reached ****** piety under Okawaru
 11016 | D:11     | Reached XP level 13. HP: 97/104 MP: 13/13
 12124 | D:12     | Found a flagged portal.
 12131 | D:12     | Noticed Frances
 12147 | Bailey   | Entered a bailey
 12318 | Bailey   | Reached skill level 12 in Shields
 12502 | D:12     | Reached skill level 10 in Axes
 12504 | D:12     | Killed Frances
 13227 | D:12     | Received a gift from Okawaru
 13335 | D:12     | Found a staircase to the Orcish Mines.
 13614 | Lair:1   | Entered Level 1 of the Lair of Beasts
 13670 | Lair:1   | Found a labyrinth entrance.
 13677 | Lab      | Entered a labyrinth
 13933 | Lab      | Noticed a minotaur
 13941 | Lab      | Killed a minotaur
 13945 | Lab      | Got a twisted ring mail
 13990 | Lair:1   | Identified the +3 ring mail of Dunetiu {rC+} (You found it in a labyrinth)
 14004 | Lair:1   | Identified a +4 rod of inaccuracy (13/13) (You found it in a labyrinth)
 14066 | Lair:1   | Noticed a five-headed hydra
 14075 | Lair:1   | Killed a one-headed hydra
 14086 | Lair:1   | Reached XP level 14. HP: 94/114 MP: 14/14
 14398 | Lair:1   | Identified a scroll of acquirement
 15037 | Lair:2   | Found a staircase to the Shoals.
 15129 | Lair:2   | Reached skill level 10 in Dodging
 15129 | Lair:2   | Reached skill level 13 in Shields
 15463 | Lair:2   | Received a gift from Okawaru
 15826 | Lair:3   | Got a fine long sword
 15827 | Lair:3   | Identified the +4 long sword of Incongruity {speed, rN+ MR+} (You found it on level 3 of the Lair of Beasts)
 15911 | Lair:3   | Noticed Nergalle
 15923 | Lair:3   | Killed Nergalle
 17159 | Lair:4   | Found a hole to the Spider Nest.
 17294 | Lair:5   | Received a gift from Okawaru
 17324 | Lair:5   | Noticed crawdingle's ghost (journeyman CeHu)
 17341 | Lair:5   | Killed crawdingle's ghost
 17539 | Lair:5   | Found a staircase to the Slime Pits.
 18034 | Lair:6   | Entered Level 6 of the Lair of Beasts
 18054 | Lair:6   | Reached XP level 15. HP: 69/122 MP: 15/15
 18066 | Lair:6   | Received a gift from Okawaru
 18069 | Lair:6   | Got an encrusted large shield {god gift}
 18166 | Lair:5   | Identified the +5 large shield of Waemier {rF+} (Okawaru gifted it to you on level 6 of the Lair of Beasts)
 19012 | Lair:6   | Reached skill level 14 in Shields
 19196 | Lair:6   | Received a gift from Okawaru
 19982 | D:12     | Got an uncursed fine dire flail {crush}
 19983 | D:12     | Identified the +6 dire flail of the Special Tales {crush, +Fly rF+} (You took it off a centaur on level 12 of the Dungeon)
 20007 | Orc:1    | Entered Level 1 of the Orcish Mines
 20574 | Orc:1    | Gained mutation: Your system is resistant to poisons. (rPois) [a neqoxec]
 20684 | Orc:2    | Entered Level 2 of the Orcish Mines
 20684 | Orc:2    | Found a staircase to the Elven Halls.
 20684 | Orc:2    | Found Juotrom's Distillery.
 20704 | Orc:2    | Bought a potion of degeneration for 13 gold pieces
 20901 | Orc:2    | Noticed an orc warlord
 20921 | Orc:2    | Killed an orc warlord
 21110 | Orc:2    | Reached XP level 16. HP: 107/131 MP: 16/16
 21140 | Orc:2    | Found Hoigoinom's Gadget Emporium.
 21140 | Orc:2    | Found Eruthrookk's Antique Weapon Boutique.
 21279 | Orc:2    | Found a roughly hewn altar of Beogh.
 21437 | Orc:2    | Received a gift from Okawaru
 21593 | Orc:2    | Got a shimmering lajatang {god gift}
 21594 | Orc:2    | Identified the +1 lajatang of Repofae {flame, -Tele +Inv MR+++ Stlth+} (Okawaru gifted it to you on level 2 of the Orcish Mines)
 21714 | Orc:2    | Found Nocaiv's Antique Armour Emporium.
 21714 | Orc:2    | Found Jurich's Distillery.
 22527 | Lair:1   | HP: 2/132 [acid (10)]
 22528 | Lair:1   | Killed from afar by an oklob plant

Vault maps used:
D:1:      shiori_shiawase, hangedman_decor_growths
D:2:      first_bread
D:3:      kennysheep_the_goblin_king, uniq_terence, uniq_natasha, uniq_grinder,
          uniq_jessica
D:4:      kennysheep_generic_room_8
D:5:      uniq_edmund, uniq_duvessa, uniq_menkaure
D:6:      nicolae_tso_swordbearing_angel, st_stairs_13, lightli_orcish_oven,
          uniq_prince_ribbit1
D:8:      nicolae_overflow_hidden_temple, uniq_grum, uniq_gastronok
D:9:      nicolae_dithmenos_shadow_blocks, david_nohive_1
D:10:     cheibrodos_grave_circle, lair_entry_dummy, uniq_snorg
D:11:     minmay_separated_statues, nicolae_benzene_ring,
          kennysheep_generic_room_14
D:12:     lemuel_upstairs_altar, erik_orc_3, enter_bailey_2, uniq_frances
Temple:   eino_narrow_crystal_temple
Lair:1:   lab_entry_generic, infiniplex_staircase_pool_2,
          minmay_lair_oklob_chamber, grunt_megastairs_4
Lair:2:   minmay_shoals_entry_beasts, infiniplex_staircase_pool,
          grunt_megastairs_5, serial_bayou_shore_b
Lair:3:   uniq_nergalle
Lair:4:   spider_nest_entry_a
Lair:5:   minmay_slime_entry_pillars
Lair:6:   hangedman_lair_caniforms_friends, guppyfry_lair_end_dragon,
          lemuel_fruit_tree, grunt_megastairs_3
Orc:2:    st_orc_town, serial_shops, nicolae_shop_temple_entry_statues_fountains
Lab:      labyrinth_hidden_loot, nicolae_lab_arrow, nicolae_lab_dead_end,
          nicolae_lab_do_over, nicolae_lab_grate
Bailey:   bailey_polearm_gnolls_kennysheep, bailey

Skill      XL: |  1  2  3  4  5  6  7  8  9 10 11 12 13 14 15 |
---------------+----------------------------------------------+-----
Dodging        | 1 2 3 4 5 6 7 8 9 10 11 | 11.5
Shields        | 4 5 6 7 9 10 11 12 13 14 | 14.7
Fighting       | 4 5 6 7 8 9 10 11 12 13 | 13.8
Armour         | 4 5 7 8 9 10 11 12 13 | 13.6
Axes           | 3 4 6 7 8 9 10 11 12 | 12.4

Action                   |  1- 3 |  4- 6 |  7- 9 | 10-12 | 13-15 | 16-18 || total
-------------------------+-------+-------+-------+-------+-------+-------++-------
Melee: War axe           |   109 |   158 |    49 |       |       |       ||   316
       Battleaxe         |       |       |   319 |   730 |   389 |       ||  1438
       Executioner's axe |       |       |       |       |   874 |   167 ||  1041
 Abil: Dig               |     3 |       |     5 |     5 |     5 |       ||    18
  Use: Scroll            |     5 |     2 |     8 |     2 |    15 |       ||    32
       Potion            |       |     3 |     1 |     6 |    10 |     2 ||    22
 Stab: Invisible         |       |       |       |       |     2 |       ||     2
  Eat: Chunk             |     1 |     1 |     1 |     1 |       |     1 ||     5
       Bread ration      |     1 |       |     1 |     1 |     6 |       ||     9
       Fruit             |       |       |     3 |       |     4 |       ||     7
       Meat ration       |       |       |     1 |     2 |     1 |       ||     4
       Royal jelly       |       |       |       |     2 |     2 |       ||     4
Armor: Scale mail        |    30 |       |       |       |       |       ||    30
       Chain mail        |    24 |    87 |   130 |       |       |       ||   241
       Plate armour      |       |       |    49 |   397 |   755 |    39 ||  1240
       Skin              |       |       |       |    36 |       |       ||    36
Dodge: Dodged            |    33 |    61 |   108 |   356 |   720 |    49 ||  1327
Block: Shield            |    58 |   110 |   250 |   728 |   750 |       ||  1896
       Large shield      |       |       |       |       |   819 |   250 ||  1069
